[Event "Titled Tuesday Blitz June 27 Early 2023"]
[White "Blackwhite017"]
[Black "Sreyas Payyappat"]
[BlackFideId "46674969"]
[WhiteElo "2086"]
[BlackElo "2570"]
[Result "0-1"]
[Round "1"]
[TimeControl "180+2"]
[Date "2023.06.27"]
[WhiteClock "0:00:18"]
[BlackClock "0:00:24"]
[Board "226"]

1. e4 c6 2. Nf3 d5 3. exd5 cxd5 4. Ne5 Nc6 5. d4 Nf6 6. c3 g6 7. Nd2 Bg7 8. Bd3 O-O 9. f4 Qb6 10. Qb3 Nd7 11. Nxd7 Bxd7 12. Qxb6 axb6 13. Nf3 f6 14. O-O Bg4 15. h3 Bxf3 16. Rxf3 e5 17. fxe5 fxe5 18. Rxf8+ Rxf8 19. dxe5 Nxe5 20. Be2 Nc4 21. Bxc4 dxc4 22. Be3 b5 23. Rd1 b4 24. Rd7 bxc3 25. bxc3 Bxc3 26. Rxb7 Re8 27. Bh6 Bd4+ 28. Kf1 c3 29. Rc7 Ra8 30. Rc4 Bf6 31. a4 g5 32. h4 gxh4 33. Ke2 Kf7 34. Kf3 Rb8 35. a5 Rb3 36. Kg4 Ra3 37. Rc5 Kg6 38. Be3 c2 39. Bc1 Rg3+ 40. Kf4 Bg5+ 41. Ke4 Bxc1 42. Rxc2 Bg5 43. Rc6+ Kh5 44. a6 Ra3 45. Kf5 Ra5+ 46. Ke4 Kg4 47. Rc7 Rxa6 48. Rxh7 Ra2 49. Rg7 Rxg2 50. Kd3 h3 51. Rh7 h2 52. Rh8 Bh4 53. Rh7 Kh3 54. Rg7 h1=Q 55. Rxg2 Qxg2 56. Kd4 Kg3 57. Kc5 Kf4 58. Kb5 Ke5 59. Kb6 Kd6 60. Ka6 Qb2 61. Ka5 Kc6 62. Ka4 Be7 63. Ka5 Qb5# 0-1


[Site "https://www.chess.com"]

[Event "Titled Tuesday Blitz June 27 Early 2023"]
[White "Janaszak, Dawid"]
[Black "Ishowmoves57"]
[WhiteFideId "1119206"]
[WhiteElo "2569"]
[BlackElo "2068"]
[Result "1-0"]
[Round "1"]
[TimeControl "180+2"]
[Date "2023.06.27"]
[WhiteClock "0:00:13"]
[BlackClock "0:00:21"]
[Board "227"]

1. e4 c5 2. Nc3 Nc6 3. Bb5 Nd4 4. Nf3 e6 5. O-O a6 6. Bd3 b5 7. Nxd4 cxd4 8. Ne2 e5 9. f4 d6 10. a4 b4 11. fxe5 dxe5 12. Bc4 Nf6 13. d3 Be7 14. Ng3 O-O 15. Nf5 Bxf5 16. Rxf5 Qc7 17. Qf3 a5 18. Bg5 Rab8 19. Rf1 Rb6 20. b3 Rd8 21. g4 h6 22. Bh4 Rdd6 23. Bg3 Rdc6 24. Bxe5 Qd8 25. h4 Rxc4 26. bxc4 Nd7 27. Bxd4 Rg6 28. Rxf7 Nf6 29. Bxf6 Bxf6 30. Rb7 Qc8 31. e5 Bxe5 32. g5 hxg5 33. h5 Rf6 34. Qd5+ Kh8 35. Rxf6 Qg4+ 36. Qg2 Bd4+ 37. Rf2 Qd1+ 38. Kh2 Be5+ 39. Qg3 Qxh5+ 40. Kg2 Bxg3 41. Kxg3 Qh4+ 42. Kf3 Qf4+ 43. Ke2 Qe5+ 44. Kf1 g4 45. Rf8+ Kh7 46. Rff7 Qa1+ 47. Kg2 Qc1 48. Rxg7+ Kh6 49. Rh7+ Kg5 50. Rhg7+ Kf4 51. Rbf7+ Ke3 52. Rxg4 Qxc2+ 53. Kg3 Kxd3 54. Rf3+ Kd2 55. Rf2+ Kc3 56. Rxc2+ Kxc2 57. c5 b3 58. Rg6 b2 59. Rb6 b1=Q 60. Rxb1 Kxb1 61. c6 Ka2 62. c7 Ka3 63. c8=Q Kxa4 64. Qb7 Ka3 65. Kf2 a4 66. Ke2 Ka2 67. Kd2 a3 68. Kc2 Ka1 69. Qb1# 1-0


[Site "https://www.chess.com"]

[Event "Titled Tuesday Blitz June 27 Early 2023"]
[White "Maluco_do_Natal_00"]
[Black "Ozates, Tuna"]
[BlackFideId "6354521"]
[WhiteElo "2057"]
[BlackElo "2568"]
[Result "0-1"]
[Round "1"]
[TimeControl "180+2"]
[Date "2023.06.27"]
[WhiteClock "0:00:00"]
[BlackClock "0:01:56"]
[Board "228"]

1. e4 c5 2. Nf3 Nc6 3. d4 cxd4 4. Nxd4 Nf6 5. Nc3 e5 6. Ndb5 d6 7. Bg5 a6 8. Bxf6 gxf6 9. Na3 b5 10. Nd5 f5 11. c3 Be6 12. exf5 Bxf5 13. Nc2 Bg7 14. Nce3 Bg6 15. h4 h5 16. Be2 f5 17. g3 Kf7 18. a4 Rb8 19. axb5 axb5 20. Qb3 Kf8 21. Ra6 Qc8 22. Qa3 b4 23. cxb4 Nd4 24. Bd1 f4 25. gxf4 Be4 26. Rg1 Nf3+ 27. Bxf3 Bxf3 28. Nd1 Bxd5 29. b5 Qc5 30. Rxd6 Qxa3 31. bxa3 Rxb5 32. fxe5 Bxe5 33. Rd8+ Ke7 34. Rxh8 Bxh8 35. Rg5 Bc4 36. Rxb5 Bxb5 0-1


[Site "https://www.chess.com"]

[Event "Titled Tuesday Blitz June 27 Early 2023"]
[White "Arat, Ufuk Sezen"]
[Black "Semenova, Alina"]
[WhiteFideId "6309089"]
[BlackFideId "24113875"]
[WhiteElo "2564"]
[BlackElo "2053"]
[Result "1-0"]
[Round "1"]
[TimeControl "180+2"]
[Date "2023.06.27"]
[WhiteClock "0:00:33"]
[BlackClock "0:00:31"]
[Board "229"]

1. e4 e6 2. d4 d5 3. Nc3 Bb4 4. exd5 exd5 5. Bd3 c6 6. a3 Bd6 7. Nge2 Nf6 8. Bg5 O-O 9. O-O h6 10. Bh4 Bg4 11. f3 Bh5 12. Bg3 Re8 13. Bxd6 Qxd6 14. Ng3 Bg6 15. Bxg6 fxg6 16. Qd3 Kh7 17. Rae1 Nbd7 18. Nd1 Nf8 19. Ne3 Ne6 20. Ng4 Nf4 21. Qd2 Nxg4 22. fxg4 Rxe1 23. Qxe1 Rf8 24. Qe3 Qe6 25. Qd2 g5 26. h3 g6 27. Re1 Qd6 28. Ne2 Re8 29. Nxf4 Rxe1+ 30. Qxe1 gxf4 31. Qe8 Qf6 32. Qd7+ Kg8 33. Qc8+ Qf8 34. Qxb7 f3 35. Qxc6 Qf7 36. c4 fxg2 37. Qxd5 Qxd5 38. cxd5 Kf8 39. Kxg2 Ke7 40. Kf3 Kd6 41. Ke4 a5 42. b4 axb4 43. axb4 1-0


[Site "https://www.chess.com"]

[Event "Titled Tuesday Blitz June 27 Early 2023"]
[White "Kowalysko, Roman"]
[Black "Belov, Alexei"]
[WhiteFideId "30918510"]
[BlackFideId "4128206"]
[WhiteElo "2027"]
[BlackElo "2561"]
[Result "0-1"]
[Round "1"]
[TimeControl "180+2"]
[Date "2023.06.27"]
[WhiteClock "0:00:13"]
[BlackClock "0:00:23"]
[Board "230"]

1. e4 e6 2. d4 d5 3. Nc3 Nf6 4. Bg5 dxe4 5. Nxe4 Be7 6. Bxf6 Bxf6 7. Nxf6+ Qxf6 8. Nf3 c5 9. Bb5+ Bd7 10. Bxd7+ Nxd7 11. O-O O-O 12. c3 Rfd8 13. Qe2 a6 14. dxc5 Nxc5 15. Rfd1 h6 16. Qe5 Qxe5 17. Nxe5 Na4 18. Rd7 Rxd7 19. Nxd7 Rd8 20. Rd1 Kh8 21. Rd4 Nxb2 22. h3 b5 23. Kf1 Na4 24. Ne5 Rxd4 25. cxd4 f6 26. Nf7+ Kg8 27. Nd8 Nc3 28. Nxe6 Kf7 29. Nc7 a5 30. Ke1 b4 31. Kd2 Nxa2 32. Nb5 Ke6 33. Kc2 Nc3 34. Nc7+ Kd7 35. Na6 Kc6 36. Nc5 Kd5 37. Kd3 Nb5 38. Nb3 a4 39. Nc5 a3 40. Nb3 a2 41. Kc2 Nxd4+ 42. Nxd4 Kxd4 43. Kb2 b3 44. f3 f5 45. g4 f4 46. h4 g5 47. hxg5 hxg5 48. Ka1 Ke3 49. Kb2 Kxf3 50. Ka1 Kxg4 51. Kb2 f3 52. Ka1 f2 53. Kb2 f1=Q 54. Kc3 a1=Q+ 55. Kb4 Qd4+ 56. Ka3 Qfa1+ 57. Kxb3 Qab2# 0-1


[Site "https://www.chess.com"]

[Event "Titled Tuesday Blitz June 27 Early 2023"]
[White "NicolaiMaxime"]
[Black "Ajavon, Anthony Obieni"]
[BlackFideId "12600784"]
[WhiteElo "2561"]
[BlackElo "2009"]
[Result "1-0"]
[Round "1"]
[TimeControl "180+2"]
[Date "2023.06.27"]
[WhiteClock "0:00:46"]
[BlackClock "0:00:00"]
[Board "231"]

1. e4 d6 2. d4 Nf6 3. Bd3 g6 4. c3 Bg7 5. Ne2 Nc6 6. h3 O-O 7. Be3 e5 8. Nd2 exd4 9. cxd4 Re8 10. Nc3 Nxd4 11. Bxd4 Nxe4 12. Bxe4 Bxd4 13. O-O c6 14. Bf3 d5 15. Nb3 Bb6 16. a4 a5 17. Qd2 Qf6 18. Rae1 Bxh3 19. Rxe8+ Rxe8 20. Bxd5 Rd8 21. gxh3 cxd5 22. Ne2 d4 23. Qd3 Bc7 24. Ng3 Qe6 25. Kg2 Qd5+ 26. Qf3 Qc4 27. Rd1 d3 28. Nd2 Qxa4 29. Nde4 f5 30. Nc5 Qb4 31. Ne6 Rd7 32. Nxc7 Rxc7 33. Qxd3 Qxb2 34. Qd8+ 1-0


[Site "https://www.chess.com"]

[Event "Titled Tuesday Blitz June 27 Early 2023"]
[White "Ho, In Hei Henry"]
[Black "Perez, Maximiliano"]
[WhiteFideId "6002552"]
[BlackFideId "117234"]
[WhiteElo "2008"]
[BlackElo "2561"]
[Result "0-1"]
[Round "1"]
[TimeControl "180+2"]
[Date "2023.06.27"]
[WhiteClock "0:00:00"]
[BlackClock "0:01:10"]
[Board "232"]

1. d4 Nf6 2. Nf3 g6 3. Bf4 Bg7 4. e3 O-O 5. Bd3 d6 6. O-O Nc6 7. h3 Nd7 8. Re1 e5 9. Bh2 f5 10. dxe5 dxe5 11. Bc4+ Kh8 12. Nc3 e4 13. Nd4 Nxd4 14. exd4 Nb6 15. Bb3 c6 16. Ne2 g5 17. c3 f4 18. Kh1 f3 19. Ng3 fxg2+ 20. Kxg2 Qf6 21. Nxe4 Qh6 22. Qd3 Nd5 23. Bxd5 cxd5 24. Nd6 Bxh3+ 25. Kg1 Bg4 26. Re7 Qf6 27. Qe3 Kg8 28. Re1 Bf3 29. Bg3 Qh6 30. Qe6+ Qxe6 31. R1xe6 b6 32. Be5 Bxe5 33. Rxe5 Bh5 34. Rxg5+ Bg6 35. Rge5 Rf6 36. Nb5 Raf8 37. Re2 a6 38. Nc7 Be4 39. Nxa6 Rg6+ 40. Kf1 Bd3 41. Nc7 Bxe2+ 42. Kxe2 Rgf6 43. Nxd5 Rxf2+ 44. Kd3 b5 45. b3 h5 46. Re5 h4 47. Rh5 R2f3+ 48. Ke4 h3 49. Ne7+ Kg7 50. Nf5+ R3xf5 0-1


[Site "https://www.chess.com"]

[Event "Titled Tuesday Blitz June 27 Early 2023"]
[White "Yaksin, Oleg"]
[Black "Guevara Sanchez, Erick Marvin"]
[WhiteFideId "24105880"]
[BlackFideId "6700136"]
[WhiteElo "2559"]
[BlackElo "1994"]
[Result "1-0"]
[Round "1"]
[TimeControl "180+2"]
[Date "2023.06.27"]
[WhiteClock "0:01:06"]
[BlackClock "0:01:05"]
[Board "233"]

1. d4 Nf6 2. c4 e6 3. g3 Bb4+ 4. Bd2 a5 5. Bg2 O-O 6. Nf3 d5 7. O-O Nbd7 8. Bg5 c6 9. Qc2 Qc7 10. Bf4 Qb6 11. c5 Qd8 12. a3 Bxc5 13. dxc5 Re8 14. Ne5 Nxe5 15. Bxe5 Nd7 16. Bd6 e5 17. e3 e4 18. Nc3 Qf6 19. Ne2 Ne5 20. Bxe5 Rxe5 21. Nd4 Rh5 22. f4 Qh6 23. Bh1 Bh3 24. Rf2 Qg6 25. Bg2 Bg4 26. Bf1 Re8 27. Be2 Bxe2 28. Qxe2 Rh3 29. f5 Qh6 30. Rf4 Rh5 31. b4 a4 32. Raf1 Rg5 33. Kg2 Re5 34. h4 Rh5 35. Qg4 g6 36. f6 Qf8 37. Rf5 Rhxf5 38. Rxf5 Re8 39. h5 Qh6 40. Rf4 Re5 41. hxg6 hxg6 42. Nf5 Rxf5 43. Rxf5 Qxe3 44. Rf2 Qe1 45. Qe2 Qc3 46. Qd2 Qxa3 47. Qh6 1-0


[Site "https://www.chess.com"]

[Event "Titled Tuesday Blitz June 27 Early 2023"]
[White "Alexanian, Nelli"]
[Black "Tikhonov, Viacheslav"]
[WhiteFideId "4170539"]
[BlackFideId "44196407"]
[WhiteElo "1954"]
[BlackElo "2558"]
[Result "0-1"]
[Round "1"]
[TimeControl "180+2"]
[Date "2023.06.27"]
[WhiteClock "0:00:00"]
[BlackClock "0:00:12"]
[Board "234"]

1. d4 Nf6 2. c4 e6 3. Nc3 Bb4 4. e3 O-O 5. Ne2 d5 6. a3 Be7 7. cxd5 exd5 8. Nf4 c6 9. Bd3 Re8 10. O-O Bd6 11. Nce2 a5 12. b3 Na6 13. Rb1 Qe7 14. Ra1 h6 15. Ng3 Bd7 16. Nf5 Bxf5 17. Bxf5 Bxf4 18. exf4 Ne4 19. Re1 Qf6 20. Bxe4 dxe4 21. Be3 Nc7 22. Qc2 Nd5 23. Qd2 a4 24. bxa4 Rxa4 25. Reb1 b5 26. Rb3 Rea8 27. g4 Nb6 28. Qc2 Nc4 29. Qxe4 b4 30. g5 hxg5 31. fxg5 Qd6 32. Qd3 bxa3 33. Rb7 Qd5 34. g6 f6 35. Bh6 gxh6 36. Rh7 a2 37. g7 Qg5+ 38. Kh1 f5 39. Rh8+ Kxg7 40. Rxa8 Rxa8 41. Qe2 Nd6 42. Qe5+ Qf6 43. Rg1+ Kf7 44. Ra1 Qxe5 45. dxe5 Nc4 0-1


[Site "https://www.chess.com"]

[Event "Titled Tuesday Blitz June 27 Early 2023"]
[White "Fonseca Manrique, Enrique"]
[Black "Gyulamiryan-koryun"]
[WhiteFideId "5114330"]
[WhiteElo "2557"]
[BlackElo "1948"]
[Result "1-0"]
[Round "1"]
[TimeControl "180+2"]
[Date "2023.06.27"]
[WhiteClock "0:00:09"]
[BlackClock "0:00:00"]
[Board "235"]

1. e4 c6 2. d4 d5 3. e5 Bf5 4. Nf3 e6 5. Be2 c5 6. O-O Nc6 7. Be3 Qb6 8. Nc3 Qxb2 9. Qe1 cxd4 10. Nxd4 Bb4 11. Nxf5 exf5 12. Bd2 Qxc2 13. a3 Bxc3 14. Bxc3 Nge7 15. e6 f6 16. Rb1 b6 17. Rc1 Qe4 18. Qd2 Qxe6 19. Bh5+ g6 20. Rfe1 Qf7 21. Bf3 O-O 22. Re2 Rfe8 23. Rce1 Rad8 24. h4 Kg7 25. h5 d4 26. Bb2 Ne5 27. Rxe5 fxe5 28. Rxe5 Nc6 29. Rxe8 Qxe8 30. h6+ Kg8 31. Qf4 Qe6 32. Bxc6 Qxc6 33. Bxd4 Qd6 34. Be5 Qd1+ 35. Kh2 Qh5+ 36. Kg3 Rd3+ 37. f3 g5 38. Qc4+ Qf7 39. Qxd3 f4+ 40. Kf2 Qa2+ 41. Qe2 Qxa3 42. Qc4+ 1-0


[Site "https://www.chess.com"]

[Event "Titled Tuesday Blitz June 27 Early 2023"]
[White "Castillo Pena, Patricia Evarista"]
[Black "Krutko, Anatoly"]
[WhiteFideId "6412106"]
[BlackFideId "4185862"]
[WhiteElo "1911"]
[BlackElo "2556"]
[Result "0-1"]
[Round "1"]
[TimeControl "180+2"]
[Date "2023.06.27"]
[WhiteClock "0:00:00"]
[BlackClock "0:00:33"]
[Board "236"]

1. d4 g6 2. e4 Bg7 3. Nf3 d6 4. Nc3 a6 5. Be3 b5 6. a3 Bb7 7. Bd3 Nd7 8. O-O c5 9. dxc5 Nxc5 10. Re1 Nxd3 11. cxd3 Nf6 12. Qd2 O-O 13. Rad1 d5 14. e5 Ng4 15. Bf4 f6 16. h3 fxe5 17. Nxe5 Bxe5 18. Bxe5 Nxf2 19. Qh6 Rf7 20. Rd2 Qb6 21. d4 Ne4 22. Nxe4 dxe4 23. Rf2 Raf8 24. Ref1 Rf6 25. Bxf6 exf6 26. Qe3 f5 27. Rc1 Rd8 28. Rd2 Bd5 29. Rc5 Qd6 30. g3 Rf8 31. Rdc2 Bc4 32. b3 Bd3 33. R2c3 f4 34. gxf4 Qxf4 35. Qxf4 Rxf4 36. Rc8+ Kg7 37. R3c7+ Kh6 38. Rc6 e3 39. Re8 e2 40. Rce6 Rxd4 0-1


[Site "https://www.chess.com"]

[Event "Titled Tuesday Blitz June 27 Early 2023"]
[White "Degenbaev, Aziz"]
[Black "Skiadopoulos, Nikolaos"]
[WhiteFideId "13802640"]
[BlackFideId "4200772"]
[WhiteElo "2556"]
[BlackElo "1910"]
[Result "1-0"]
[Round "1"]
[TimeControl "180+2"]
[Date "2023.06.27"]
[WhiteClock "0:00:57"]
[BlackClock "0:00:29"]
[Board "237"]

1. e4 c5 2. Nf3 Nc6 3. Bb5 Na5 4. c3 a6 5. Bd3 b5 6. O-O d6 7. Bc2 Bb7 8. d4 cxd4 9. cxd4 Rc8 10. Nc3 Nf6 11. a3 g6 12. Ng5 h6 13. f4 Bg7 14. e5 hxg5 15. exf6 exf6 16. f5 Qc7 17. fxg6 Bxg2 18. Kxg2 d5 19. h3 Qd7 20. Bf5 Qc7 21. Bxc8 Qxc8 22. Qg4 Qxg4+ 23. hxg4 fxg6 24. Nxd5 Kf7 25. Bxg5 Ke6 26. Nxf6 Nc4 27. Rae1+ Kd6 28. Bf4+ Kc6 29. Re6+ Kb7 30. Re7+ 1-0


[Site "https://www.chess.com"]

[Event "Titled Tuesday Blitz June 27 Early 2023"]
[White "Viasus, Juan Diego"]
[Black "ElDivis"]
[WhiteFideId "4464346"]
[WhiteElo "1456"]
[BlackElo "2556"]
[Result "0-1"]
[Round "1"]
[TimeControl "180+2"]
[Date "2023.06.27"]
[WhiteClock "0:01:12"]
[BlackClock "0:01:50"]
[Board "238"]

1. c4 g6 2. Nc3 Bg7 3. g3 c5 4. Bg2 Nc6 5. Nf3 e5 6. d3 Nge7 7. O-O O-O 8. Bg5 h6 9. Bxe7 Qxe7 10. Nd2 d6 11. a3 a5 12. Nd5 Qd8 13. Rb1 Be6 14. b4 axb4 15. axb4 Bxd5 16. cxd5 Nxb4 17. Nc4 b5 18. Ne3 f5 19. Nc2 Nxc2 20. Qxc2 b4 21. Qc4 Qb6 22. Ra1 Kh7 23. Rfb1 Qb7 24. h4 h5 25. Qb3 Rxa1 26. Rxa1 Ra8 27. Qb2 e4 0-1


[Site "https://www.chess.com"]

[Event "Titled Tuesday Blitz June 27 Early 2023"]
[White "Liyanage, Ranindu Dilshan"]
[Black "Nakamura, Hikaru"]
[WhiteFideId "9915834"]
[BlackFideId "2016192"]
[WhiteElo "2688"]
[BlackElo "3252"]
[Result "0-1"]
[Round "2"]
[TimeControl "180+2"]
[Date "2023.06.27"]
[WhiteClock "0:00:05"]
[BlackClock "0:01:59"]
[Board "1"]

1. e4 g6 2. d4 Bg7 3. Nc3 a6 4. f4 b5 5. Nf3 d6 6. Bd3 Nd7 7. e5 Nb6 8. Ne4 Nh6 9. O-O Bb7 10. c3 O-O 11. Qe2 Rc8 12. h3 Nf5 13. Qf2 e6 14. g4 Bxe4 15. Bxe4 Ne7 16. h4 f5 17. exf6 Rxf6 18. Qg3 Nbd5 19. Bd2 Qd7 20. Rae1 Rcf8 21. Ng5 h6 22. Nh3 Kh8 23. g5 Nf5 24. Qf2 R6f7 25. Kg2 h5 26. Kh2 c6 27. Re2 e5 28. Bxd5 cxd5 29. dxe5 dxe5 30. fxe5 Nd4 31. cxd4 Rxf2+ 32. Rexf2 Rxf2+ 33. Rxf2 Qg4 34. Bf4 Qxh4 35. e6 Qg4 36. e7 Qe6 37. Bd6 Qxd6+ 0-1


[Site "https://www.chess.com"]

[Event "Titled Tuesday Blitz June 27 Early 2023"]
[White "Taspinar, Yanki"]
[Black "So, Wesley"]
[WhiteFideId "34561188"]
[BlackFideId "5202213"]
[WhiteElo "2688"]
[BlackElo "3103"]
[Result "0-1"]
[Round "2"]
[TimeControl "180+2"]
[Date "2023.06.27"]
[WhiteClock "0:00:01"]
[BlackClock "0:00:26"]
[Board "2"]

1. Nf3 c5 2. g3 d5 3. Bg2 Nc6 4. d4 e6 5. O-O Nf6 6. c4 dxc4 7. dxc5 Qxd1 8. Rxd1 Bxc5 9. Nbd2 c3 10. bxc3 O-O 11. Nb3 Be7 12. Nfd4 Nxd4 13. cxd4 Nd5 14. Bb2 Bd7 15. e4 Nb6 16. Nc5 Bc6 17. Rac1 Rfd8 18. Nd3 Rac8 19. Nf4 Kf8 20. h4 Ba4 21. Rxc8 Rxc8 22. Rc1 Nc4 23. Bf1 Nd6 24. Rxc8+ Nxc8 25. d5 exd5 26. Nxd5 Bc5 27. h5 Nd6 28. Bd3 Bc6 29. Kf1 f5 30. f3 Kf7 31. Ke2 b5 32. Be5 Nc4 33. Bc3 fxe4 34. fxe4 Bd6 35. Bxc4 bxc4 36. Kf3 g6 37. hxg6+ hxg6 38. Ne3 Bb5 39. Nd5 g5 40. Kg4 Kg6 41. Ne3 Bc5 42. Nf5 Bd7 43. Be5 Bb4 44. Kf3 Bxf5 45. exf5+ Kxf5 46. Bd4 g4+ 47. Ke3 a6 48. Bb2 Bc5+ 49. Ke2 Ke4 50. Bc1 Bd6 0-1


[Site "https://www.chess.com"]

[Event "Titled Tuesday Blitz June 27 Early 2023"]
[White "Mamedov, Rauf"]
[Black "StiffMaster1"]
[WhiteFideId "13401653"]
[WhiteElo "3077"]
[BlackElo "2681"]
[Result "1-0"]
[Round "2"]
[TimeControl "180+2"]
[Date "2023.06.27"]
[WhiteClock "0:00:34"]
[BlackClock "0:00:00"]
[Board "3"]

1. Nf3 Nf6 2. g3 g6 3. Bg2 Bg7 4. d3 O-O 5. e4 d6 6. O-O e5 7. Re1 c5 8. a4 Nc6 9. Nbd2 a6 10. Nc4 Be6 11. Ne3 h6 12. Nd2 Nh5 13. Nd5 Ne7 14. Nc4 Bxd5 15. exd5 f5 16. a5 Nf6 17. c3 Kh7 18. Qb3 Rb8 19. Qb6 Qxb6 20. Nxb6 Rfd8 21. f4 Nd7 22. Nc4 Nc8 23. h4 h5 24. Ra3 Bf6 25. Rb3 Kg7 26. Be3 Kf7 27. Kf2 Re8 28. Bf3 exf4 29. Bxf4 Rxe1 30. Kxe1 Ne5 31. Ke2 Nxc4 32. dxc4 Be5 33. Ke3 Ke7 34. Ra3 Kd7 35. b4 b6 36. Bxe5 dxe5 37. axb6 e4 38. Be2 Kd6 39. Ra5 cxb4 40. cxb4 Ke5 41. d6+ Kxd6 42. c5+ Ke7 43. Bxa6 Kf6 44. Bxc8 Rxc8 45. b7 Rd8 46. c6 Rd3+ 47. Ke2 1-0


[Site "https://www.chess.com"]

[Event "Titled Tuesday Blitz June 27 Early 2023"]
[White "Arhan_Anand"]
[Black "Sevian, Samuel"]
[BlackFideId "2040506"]
[WhiteElo "2679"]
[BlackElo "3076"]
[Result "0-1"]
[Round "2"]
[TimeControl "180+2"]
[Date "2023.06.27"]
[WhiteClock "0:01:40"]
[BlackClock "0:02:34"]
[Board "4"]

1. d4 Nf6 2. c4 c5 3. d5 b5 4. cxb5 a6 5. bxa6 g6 6. Nc3 Bxa6 7. Nf3 Bg7 8. e4 Bxf1 9. Kxf1 O-O 10. g3 Qa5 11. Kg2 d6 12. a4 Nbd7 13. Qc2 Rfc8 14. Bd2 Qa6 15. Nb5 c4 16. Bc3 Nc5 17. Nd2 Nd3 18. Nxc4 Nxf2 19. Qxf2 Rxc4 20. Qe2 Rxe4 21. Qc2 Rxa4 22. Nc7 Qc4 23. Nxa8 Qxd5+ 24. Kh3 Rh4+ 25. gxh4 Qf3# 0-1


[Site "https://www.chess.com"]

[Event "Titled Tuesday Blitz June 27 Early 2023"]
[White "Danielyan, Vahe"]
[Black "Pranav, V"]
[WhiteFideId "13304828"]
[BlackFideId "25060783"]
[WhiteElo "2673"]
[BlackElo "3036"]
[Result "0-1"]
[Round "2"]
[TimeControl "180+2"]
[Date "2023.06.27"]
[WhiteClock "0:00:05"]
[BlackClock "0:00:05"]
[Board "5"]

1. e4 c5 2. Nc3 a6 3. g3 b5 4. Bg2 Bb7 5. Nge2 e6 6. d4 cxd4 7. Nxd4 Nf6 8. a3 Qc7 9. O-O d6 10. Re1 Nbd7 11. a4 b4 12. Nd5 exd5 13. exd5+ Ne5 14. f4 O-O-O 15. fxe5 dxe5 16. Nb3 Nxd5 17. Qe2 f6 18. a5 Bc5+ 19. Nxc5 Qxc5+ 20. Kh1 h5 21. c4 Ne7 22. Be3 Bxg2+ 23. Qxg2 Qc6 24. Re2 h4 25. gxh4 Rxh4 26. b3 Re4 27. Rae1 Rd3 28. Kg1 f5 29. h3 Qg6 30. Bg5 Nc6 31. Rxe4 fxe4 32. Rxe4 Qe6 33. Rg4 Rxb3 34. Kh2 Rc3 35. Bd2 Rc2 36. Rg6 Rxd2 37. Rxe6 Rxg2+ 38. Kxg2 Kd7 39. Rg6 b3 40. Rxg7+ Kd6 41. Rg3 Nxa5 42. h4 e4 43. Re3 b2 44. Re1 Nxc4 45. h5 Ke6 46. Rxe4+ Kf5 47. Re1 Nd2 48. Kf2 b1=Q 49. Rxb1 Nxb1 50. Ke3 Na3 51. Kd4 Nb5+ 52. Kc5 Kg5 53. Kb6 Nc7 54. h6 Kxh6 55. Kxc7 a5 0-1


[Site "https://www.chess.com"]

[Event "Titled Tuesday Blitz June 27 Early 2023"]
[White "Lazavik, Denis"]
[Black "Korchmar, Vasiliy"]
[WhiteFideId "13515110"]
[BlackFideId "24131750"]
[WhiteElo "3028"]
[BlackElo "2673"]
[Result "1-0"]
[Round "2"]
[TimeControl "180+2"]
[Date "2023.06.27"]
[WhiteClock "0:00:11"]
[BlackClock "0:00:00"]
[Board "6"]

1. d4 d5 2. c4 c6 3. Nf3 Nf6 4. Qc2 dxc4 5. Qxc4 Bg4 6. Nc3 e6 7. e4 Nbd7 8. Be2 Be7 9. O-O O-O 10. Rd1 Bh5 11. Bf4 Rc8 12. Qb3 Qb6 13. Qc2 Rfd8 14. h3 Bg6 15. a3 c5 16. Be3 Qc6 17. Bb5 Qb6 18. Bd3 c4 19. Be2 Qc6 20. Nd2 b5 21. Bf3 a5 22. Ne2 Qc7 23. Nf4 Nb6 24. Nxg6 hxg6 25. Rac1 b4 26. axb4 axb4 27. Nf1 e5 28. Qe2 exd4 29. Bxd4 Bc5 30. Bxc5 Qxc5 31. Rxd8+ Rxd8 32. Ne3 c3 33. bxc3 bxc3 34. Qc2 Rc8 35. Rb1 Nfd7 36. Be2 Ne5 37. Rb5 Qd6 38. Rb3 Qc5 39. Nd1 Na4 40. Rb5 Qd4 41. Rd5 Qb4 42. Rxe5 Rd8 43. Rd5 Rc8 44. Ne3 Nb6 45. Rb5 Qd4 46. e5 Na4 47. Rd5 Qb4 48. Rb5 Qd4 49. e6 fxe6 50. Qxg6 Nc5 51. Bg4 1-0


[Site "https://www.chess.com"]

[Event "Titled Tuesday Blitz June 27 Early 2023"]
[White "djokovic74"]
[Black "Sarana, Alexey"]
[BlackFideId "24133795"]
[WhiteElo "2672"]
[BlackElo "3024"]
[Result "0-1"]
[Round "2"]
[TimeControl "180+2"]
[Date "2023.06.27"]
[WhiteClock "0:00:19"]
[BlackClock "0:00:58"]
[Board "7"]

1. e4 c5 2. Nf3 d6 3. d4 cxd4 4. Nxd4 Nf6 5. Nc3 a6 6. Be2 e5 7. Nb3 Be7 8. O-O O-O 9. Kh1 Re8 10. f4 Nc6 11. a4 exf4 12. Bxf4 Be6 13. Qe1 Nd7 14. Qg3 Nde5 15. Rad1 Kh8 16. Nd5 Bh4 17. Qe3 Rc8 18. g3 Be7 19. Nxe7 Qxe7 20. Qd2 Bc4 21. Rfe1 Rcd8 22. Bxc4 Nxc4 23. Qc3 N6e5 24. Rd5 Nb6 25. Rdd1 Nxa4 26. Qd4 b5 27. Na5 Nf3 28. Qf2 Nxe1 29. Rxe1 Rc8 30. b3 Nc3 31. e5 Qe6 32. Qf3 dxe5 33. Rxe5 Qd7 34. Rxe8+ Qxe8 35. Nb7 Qe1+ 36. Kg2 Qe2+ 37. Qxe2 Nxe2 38. Nd6 Rxc2 39. Nxf7+ Kg8 40. Ne5 Nxf4+ 0-1


[Site "https://www.chess.com"]

[Event "Titled Tuesday Blitz June 27 Early 2023"]
[White "Theodorou, Nikolas"]
[Black "Agibileg, Uurtsaikh"]
[WhiteFideId "4262875"]
[BlackFideId "4901606"]
[WhiteElo "3014"]
[BlackElo "2671"]
[Result "1-0"]
[Round "2"]
[TimeControl "180+2"]
[Date "2023.06.27"]
[WhiteClock "0:00:21"]
[BlackClock "0:01:03"]
[Board "8"]

1. Nf3 Nf6 2. b3 g6 3. Bb2 Bg7 4. g3 O-O 5. Bg2 d5 6. c4 dxc4 7. bxc4 c5 8. O-O Nc6 9. d3 Bd7 10. Nc3 Rb8 11. a4 Nb4 12. a5 Bc6 13. Qb3 Nd7 14. Rfd1 Ne5 15. Nxe5 Bxg2 16. Nxf7 Rxf7 17. Kxg2 Qd4 18. e3 Qg4 19. Ne4 Rbf8 20. Rd2 Bxb2 21. Rxb2 Rd8 22. Nxc5 Qf3+ 23. Kg1 Nc6 24. d4 b6 25. axb6 axb6 26. Ne6 Rd6 27. Ng5 1-0


[Site "https://www.chess.com"]

[Event "Titled Tuesday Blitz June 27 Early 2023"]
[White "Terry, Renato"]
[Black "Kvaloy, Aksel Bu"]
[WhiteFideId "3803457"]
[BlackFideId "1528815"]
[WhiteElo "3001"]
[BlackElo "2668"]
[Result "1-0"]
[Round "2"]
[TimeControl "180+2"]
[Date "2023.06.27"]
[WhiteClock "0:01:28"]
[BlackClock "0:01:10"]
[Board "9"]

1. d4 Nf6 2. Nf3 e6 3. c4 d5 4. e3 b6 5. b3 Be7 6. Bb2 O-O 7. Bd3 Bb7 8. O-O c5 9. dxc5 Bxc5 10. Qe2 dxc4 11. Bxc4 Qe8 12. a3 Nbd7 13. Rd1 a6 14. b4 Be7 15. Nbd2 b5 16. Bd3 Nd5 17. Nb3 Rc8 18. Na5 Ba8 19. Rac1 Bf6 20. Rxc8 Qxc8 21. Rc1 Qd8 22. Qc2 N7b6 23. Bxh7+ Kh8 24. Bxf6 Qxf6 25. Be4 Rc8 26. Qxc8+ Nxc8 27. Rxc8+ 1-0


[Site "https://www.chess.com"]

[Event "Titled Tuesday Blitz June 27 Early 2023"]
[White "Ashraf, Artin"]
[Black "Martinez Alcantara, Jose Eduardo"]
[WhiteFideId "22514805"]
[BlackFideId "3805662"]
[WhiteElo "2665"]
[BlackElo "2996"]
[Result "0-1"]
[Round "2"]
[TimeControl "180+2"]
[Date "2023.06.27"]
[WhiteClock "0:00:00"]
[BlackClock "0:00:31"]
[Board "10"]

1. d4 Nf6 2. Nc3 d5 3. Bf4 c5 4. e3 cxd4 5. exd4 a6 6. Bd3 Nc6 7. Nce2 Bg4 8. c3 e6 9. f3 Bh5 10. Nh3 Bg6 11. Bg5 Bd6 12. Nhf4 Qb6 13. Rb1 Bxd3 14. Nxd3 Nd7 15. Bf4 Be7 16. Qb3 Qa7 17. O-O O-O 18. Kh1 Rfc8 19. Rfc1 b5 20. a3 Nb6 21. Qd1 Nc4 22. Ra1 Qb6 23. b4 a5 24. Nc5 a4 25. Qd3 Qd8 26. Re1 e5 27. dxe5 Bxc5 28. bxc5 N6a5 29. Nd4 Nb3 30. Ra2 Nxc5 31. Qb1 Ne6 32. Nxe6 fxe6 33. Qxb5 Rcb8 34. Qc5 Rb3 35. Qd4 Rxa3 36. Rxa3 Nxa3 37. Qc5 Nc4 0-1


[Site "https://www.chess.com"]